 Dungeon Crawl Stone Soup version 0.31-a0-675-g238779eb0a (webtiles) character file.

Game seed: 1220493270881633344

1338 Essalna the Destroyer (level 8, -1/52 HPs)
             Began as a Demonspawn Conjurer on Sept 5, 2023.
             Slain by a sky beast (5 damage)
             ... on level 7 of the Dungeon.
             The game lasted 00:10:45 (6328 turns).

Essalna the Destroyer (Demonspawn Conjurer)         Turns: 6328, Time: 00:10:46

Health: -1/52      AC:  4    Str:  8    XL:     8   Next: 35%
Magic:  18/18      EV: 17    Int: 21    God:
Gold:   251        SH:  0    Dex: 12    Spells: 17/20 levels left

rFire   + . .        c - +0 short sword
rCold   . . .        (no shield)
rNeg    . . .        a - +0 robe
rPois   .            (no helmet)
rElec   .            (no cloak)
rCorr   .            (no gloves)
SInv    .            (no boots)
Will    .....        (no amulet)
Stlth   ++           e - +5 ring of evasion
HPRegen 0.28/turn    q - ring of protection from fire
MPRegen 0.16/turn

%: no passive effects
@: no status effects
A: yellow scales 1, demonic guardian 2
a: no special abilities


You were on level 7 of the Dungeon.
You visited 1 branch of the dungeon, and saw 7 of its levels.

You collected 251 gold pieces.

Inventory:

Hand Weapons
 c - a +0 short sword (weapon)
Armour
 a - a +0 robe (worn)
Jewellery
 e - a +5 ring of evasion (left hand)
 q - a ring of protection from fire (right hand)
 v - a +4 ring of protection
Wands
 l - a wand of flame (12)
 t - a wand of iceblast (11)
Scrolls
 d - 4 scrolls of identify {unknown}
 h - 3 scrolls of revelation {unknown}
 m - a scroll of amnesia {unknown}
 o - a scroll of fear {unknown}
 p - a scroll of fog {unknown}
 u - a scroll of noise {unknown}
Potions
 b - 2 potions of magic
 f - 2 potions of curing
 g - 2 potions of invisibility {unknown}
 i - a potion of might {unknown}
 j - 2 potions of heal wounds
 k - a potion of haste {unknown}
 n - a potion of lignification {unknown}
 r - 2 potions of degeneration {unknown}
 s - a potion of attraction {unknown}


   Skills:
 - Level 1.7 Dodging
 - Level 1.7 Stealth
 + Level 6.9 Spellcasting
 + Level 8.3 Conjurations


You had 17 spell levels left.
You knew the following spells:

 Your Spells              Type           Power      Damage    Failure   Level
a - Magic Dart            Conj           100%       1d8       1%          1
b - Searing Ray           Conj           84%        2d7       1%          2

Your spell library contained the following spells:

 Spells                   Type           Power      Damage    Failure   Level
 Dazzling Flash           Conj/Hex       48%        N/A       4%          3
 Necrotise                Necr           28%        1d5       9%          1
 Sublimation of Blood     Necr           7%         N/A       14%         2
 Wereblood                Tmut           7%         N/A       14%         2
 Fulminant Prism          Conj/Hex       12%        3d9       16%         4
 Iskenderun's Mystic Bla  Conj/Tloc      24%        2d7       16%         4
 Vampiric Draining        Necr           7%         2d6       26%         3
 Agony                    Necr           7%         N/A       94%         5
 Summon Hydra             Summ           3%         N/A       100%        7


Dungeon Overview and Level Annotations

Branches:
Dungeon (7/15)
 Temple: D:4-7

Altars:
Makhleb

Shops:
D:2 **:*[   D:7 *


Innate Abilities, Weirdness & Mutations

You are partially covered in yellow scales. (AC +2)
A demonic guardian rushes to your aid.


Message History

You hit the orc.
You kill the orc!
There is an open door here.
There is a stone staircase leading down here.
You climb downwards.
You hear the roar of battle.
There is an entrance to a bailey on this level.
Hurry and find it before the portal closes forever!
There is a stone staircase leading up here.
Key pressed, stopping explore.
Found Goshixt's Gadget Gallery.
Found a stone staircase leading down.
There is an entrance to Goshixt's Gadget Gallery here.
v - a +4 ring of protection A sky beast comes into view.
No target in view!
You hear the faint creaking of a very distant portcullis.
The sky beast flickers out of sight!
Deactivating autopickup; reactivate with Ctrl-A.
No target in view!
Found a falchion.
Something closely misses you.
No target in view!
No target in view!
No target in view!
You miss something. Something hits you. Something shocks you.
Something hits you. Something shocks you.
A demonic guardian appears!
Something hits you. Something shocks you.
Something hits you but does no damage. Something hits you.
Something shocks you. Something hits you. Something shocks you.
* * * LOW HITPOINT WARNING * * *
Something completely misses you. Something barely misses you.
Something hits you.
* * * LOW HITPOINT WARNING * * *
Something shocks you.
* * * LOW HITPOINT WARNING * * *
Something hits you.
* * * LOW HITPOINT WARNING * * *
Something shocks you.
You die...

##..........## #.....
...#....#....## #..♣....
..##....##....##..♣♣....
..#......#....#.........
.##..##..##...#.........
.#..####..#............#
.#.. ..#....♣......#
.##. .##.....♣.....#
..#. #..###♣@.....# ..
#..# #{.4....# . #..##
#........# ...#
.......... .##
........... ###...♣♣....
..... .... #..). ...


You could see a friendly rust devil (summoned).

Vanquished Creatures
  Sigmund (D:2)
  A water moccasin (D:4)
  A bullfrog (D:4)
  2 scorpions
  6 hounds
  2 orc priests
  Terence (D:2)
  An iguana (D:6)
  Robin (D:2)
  A gnoll (D:6)
  14 adders
  A white imp (D:6)
  4 ufetubi (D:6)
  A worm (D:3)
  14 orcs
  8 ball pythons
  9 endoplasms
  5 giant cockroaches
  8 goblins
  12 hobgoblins
  3 jackals
  5 quokkas
  7 bats
  3 frilled lizards
  8 kobolds
  6 rats
125 creatures vanquished.

Vanquished Creatures (collateral kills)
  An orc warrior (D:6)
  A centaur (D:6)
  A scorpion (D:6)
  A hound (D:6)
  An iguana (D:4)
  2 shadow imps (D:6)
  An orc (D:6)
8 creatures vanquished.

Grand Total: 133 creatures vanquished

Notes
Turn   | Place    | Note
-------+----------+-------------------------------------------
     0 | D:1      | Essalna the Demonspawn Conjurer began the quest for the
                  | Orb.
     0 | D:1      | Reached XP level 1. HP: 13/13 MP: 3/3
   324 | D:1      | Gained mutation: You are partially covered in yellow
                  | scales. (AC +2) [demonic ancestry]
   324 | D:1      | Reached XP level 2. HP: 19/19 MP: 3/5
   905 | D:2      | Noticed Sigmund
   927 | D:2      | Reached XP level 3. HP: 24/24 MP: 2/7
   939 | D:2      | Found Firisky's Antique Armour Shoppe.
   980 | D:2      | Killed Sigmund
   981 | D:2      | Reached skill level 5 in Conjurations
   981 | D:2      | Reached XP level 4. HP: 30/30 MP: 0/10
   981 | D:2      | Reached XP level 5. HP: 35/35 MP: 0/11
  1106 | D:2      | Noticed Terence
  1219 | D:2      | Noticed Robin
  1324 | D:1      | Learned a level 2 spell: Searing Ray
  1357 | D:2      | Killed Robin
  1440 | D:2      | Found Ijues's Book Shoppe.
  1607 | D:2      | Found Gopepn's General Store.
  1664 | D:2      | Gained mutation: A weak demonic guardian rushes to your
                  | aid. [demonic ancestry]
  1664 | D:2      | Reached XP level 6. HP: 41/41 MP: 10/12
  1709 | D:2      | Found Cehell's General Store.
  1856 | D:2      | Found Boitol's General Store.
  2001 | D:2      | Killed Terence
  2002 | D:2      | Reached skill level 6 in Conjurations
  3355 | D:3      | Found a burning altar of Makhleb.
  3357 | D:3      | Noticed a cacodemon
  3514 | D:4      | Reached skill level 5 in Spellcasting
  3671 | D:4      | Reached XP level 7. HP: 20/46 MP: 0/14
  4315 | D:5      | Entered Level 5 of the Dungeon
  4354 | D:4      | Reached skill level 7 in Conjurations
  5176 | D:6      | Gained mutation: A demonic guardian rushes to your aid.
                  | [demonic ancestry]
  5176 | D:6      | Reached XP level 8. HP: 21/52 MP: 6/17
  5185 | D:6      | Reached skill level 8 in Conjurations
  5186 | D:6      | HP: 2/52 [centaur (1)]
  6287 | D:7      | Found Goshixt's Gadget Gallery.
  6328 | D:7      | Slain by a sky beast

Illustrated notes

Levels and vault maps discovered:
D:1:      minmay_arrival_cross, layout_basic, st_stairs_14, minmay_hexomino_c4
D:2:      wander_river, layout_rooms, serial_shops,
          nicolae_shop_advertising_works [nicolae_subvault_shop_adworks],
          nicolae_lakefront_shop, nicolae_shop_gibbet_a_chance, shop, shop,
          minmay_split_cup_large, uniq_sigmund, uniq_terence, uniq_robin
D:3:      layout_basic, makhleb_altar_promises_db
D:4:      layout_rooms
D:5:      layout_cave_pools, temple_statues, gammafunk_ghost_necromancy,
          hangedman_abyss_or_decor_stagger
D:6:      layout_gridville, serial_demonic, serial_demonic_g, serial_demonic_g,
          serial_demonic_d, serial_demonic_g, minmay_holes,
          minmay_fractal_squares_5
D:7:      layout_basic, enter_bailey_2, kennysheep_decorative_pillar,
          minmay_misc_feat_iff, kennysheep_cross_room, grunt_ministairs_15,
          nicolae_shop_gadgets

Skill      XL: |  1  2  3  4  5  6  7  8 |
---------------+-------------------------+-----
Spellcasting   | 4 5 6 |  6.9
Conjurations   | 5 6 7 8 |  8.3
Dodging        | |  1.7
Stealth        | |  1.7

Action                     |  1- 3 |  4- 6 |  7- 9 || total
---------------------------+-------+-------+-------++-------
  Melee: Short sword       |    53 |    71 |    14 ||   138
   Cast: Magic Dart        |    43 |   138 |    93 ||   274
         Searing Ray       |       |     4 |     8 ||    12
    Use: Potion            |     1 |       |     1 ||     2
 Armour: Robe              |    21 |    48 |   114 ||   183
  Dodge: Dodged            |    55 |    80 |   183 ||   318

Table legend: (Time is in decaauts)
 A = Elapsed time spent in this place.
 B = Non-inter-level travel time spent in this place.
 C = Inter-level travel time spent in this place.
 D = Time resting spent in this place.
 E = Time spent auto-exploring this place.
 F = Levels seen in this place.
 G = Mean time per level.
                   A        B        C        D        E       F      G
               +--------+--------+--------+--------+--------+-----+--------+
         Total |   6352 |   6069 |    283 |     87 |   4995 |   7 |  907.4 |
       Dungeon |   6352 |   6069 |    283 |     87 |   4995 |   7 |  907.4 |
               +--------+--------+--------+--------+--------+-----+--------+

Top non-repeatable levels by time:
     D:6: 1529 daAuts
     D:3: 1314 daAuts
     D:1: 1126 daAuts
     D:4: 1102 daAuts
     D:2: 1033 daAuts
     D:5: 185 daAuts
     D:7: 60 daAuts
